 Dungeon Crawl Stone Soup version 0.24.0-123-gd5b16e6ec5 (webtiles) character file.

Game seed: 11185342787348160410, levelgen mode: deterministic

25445 Morg0th the Basher (level 13, -4/95 HPs)
             Began as a Gargoyle Monk on Jan 12, 2020.
             Was an Elder of Makhleb.
             Hit by a boomerang of dispersal thrown by an orc warrior (10 damage)
             ... on level 2 of the Orcish Mines on Jan 19, 2020.
             The game lasted 02:01:49 (21088 turns).

Morg0th the Basher (Gargoyle Monk)                 Turns: 21088, Time: 02:01:50

Health: -4/95      AC: 25    Str: 21      XL:     13   Next: 19%
Magic:  0/16       EV: 16    Int: 10 (11) God:    Makhleb [****..]
Gold:   491        SH:  5    Dex: 14      Spells: 12/12 levels left

rFire    . . .     SeeInvis +   a - +2 mace (protect)
rCold    + . .     Gourm    .   f - +0 buckler
rNeg     + + .     Faith    .   p - +5 ring mail of the Vaults {rN+ rCorr Str+3 Dex-3}
rPois    ∞         Spirit   +   l - +1 helmet
rElec    +         Reflect  .   (no cloak)
rCorr    +         Harm     .   (no gloves)
MR       .....     Clarity  +   (no boots)
Stlth    ++........             z - amulet of guardian spirit
HPRegen  0.25/turn              b - +3 ring of evasion
MPRegen  0.15/turn              G - +3 ring of dexterity

@: no status effects
A: yellow scales 1, see invisible, clarity, cold resistance 1, negative energy
resistance 1, robust 1, electricity resistance, wild magic 1, unbreathing,
evolution 1, petrification resistance, rot immunity, MP-powered wands, AC +9
a: Minor Destruction, Lesser Servant of Makhleb, Major Destruction, Renounce
Religion


You were on level 2 of the Orcish Mines.
You worshipped Makhleb.
Makhleb was greatly pleased with you.
You were not hungry.

You visited 5 branches of the dungeon, and saw 21 of its levels.

You collected 1376 gold pieces.
You spent 885 gold pieces at shops.

Inventory:

Hand Weapons
 a - a +2 mace of protection (weapon)
Missiles
 i - 355 stones (quivered)
Armour
 f - a +0 buckler (worn)
 j - the +3 chain mail "Hiaze Guku" {rElec Str-3 Dex+2 Slay+2}
   (You found it on level 6 of the Dungeon)

   It affects your strength (-3).
   It affects your dexterity (+2).
   It affects your accuracy and damage with ranged weapons and melee attacks
   (+2).
   It insulates you from electricity.
 l - a +1 helmet (worn)
 p - the +5 ring mail of the Vaults (worn) {rN+ rCorr Str+3 Dex-3}
   (You bought it in a shop on level 2 of the Orcish Mines)

   It affects your strength (+3).
   It affects your dexterity (-3).
   It protects you from negative energy.
   It provides partial protection from all sources of acid and corrosion.
Jewellery
 b - a +3 ring of evasion (left hand)
 u - an uncursed ring of protection from fire
 z - an amulet of guardian spirit (around neck)
 G - a +3 ring of dexterity (right hand)
 H - an uncursed ring of flight
Wands
 e - a wand of digging (7)
 h - a wand of iceblast (8)
 m - a wand of paralysis (3)
 t - a wand of enslavement (7)
 w - a wand of disintegration (4)
Scrolls
 g - 5 scrolls of identify
 n - a scroll of fear
 o - 2 scrolls of remove curse
 q - 5 scrolls of enchant weapon
 s - a scroll of teleportation
Potions
 d - 3 potions of curing
 r - 2 potions of resistance
Miscellaneous
 k - a lamp of fire
 y - a fan of gales
Comestibles
 c - 18 rations
 v - 2 chunks of flesh


   Skills:
 + Level 12.9 Fighting
 + Level 14.6 Maces & Flails
 - Level 1.0 Throwing
 - Level 8.0 Armour
 + Level 4.5 Dodging
 - Level 3.0 Stealth
 + Level 5.4 Shields
 - Level 5.0 Invocations


You had 12 spell levels left.
You didn't know any spells.
Your spell library was empty.

Dungeon Overview and Level Annotations

Branches:
Dungeon (11/15)            Temple (1/1) D:4            Lair (6/6) D:9
  Swamp (0/4) Lair:2        Snake (0/4) Lair:2        Slime (1/5) Lair:5
    Orc (2/2) D:9
    Elf: Orc:2

Altars:
Ashenzari
Cheibriados
Dithmenos
Elyvilon
Fedhas
Gozag
Hepliaklqana
Kikubaaqudgha
Makhleb
Nemelex Xobeh
Okawaru
Qazlal
Ru
Sif Muna
Trog
Uskayaw
Vehumet
Wu Jian
Xom
Yredelemnul
Zin
The Shining One
Beogh

Shops:
D:6 ?(   D:8 (}*=   Orc:2 ([((

Annotations:
D:3 1 runed translucent door, exclusion: door, Crazy Yiuf
D:7 2 runed translucent doors, SeryemSoup's ghost, novice GnWz
D:9 exclusion: downstairs
Lair:1 exclusion: oklob plant
Lair:2 exclusion: oklob plant
Orc:2 Snorg


Innate Abilities, Weirdness & Mutations

You are resistant to torment.
Your stone body is resilient. (AC +9)
You are immune to poison.
You resist negative energy. (rN+)
You are resistant to electric shocks. (rElec)
You can survive without breathing.
You are immune to petrification.
You are immune to rotting.
You are partially covered in yellow scales. (AC +2)
You have supernaturally acute eyesight. (SInv)
You possess an exceptional clarity of mind.
Your flesh is cold resistant. (rC+)
You are robust. (+10% HP)
Your spells are a little harder to cast, but a little more powerful.
You evolve.
You expend magic power (3 MP) to strengthen your wands.


Message History

The orc wizard looks frightened!
The orc looks frightened!
An orc warrior comes into view. It is wielding a +0 morningstar.
The orc wizard mumbles some strange words.
The orc wizard blinks!
The orc wizard pleads, "Please!
I have a lot of children!"
The orc wizard casts a spell.
The orc wizard flickers and vanishes for a moment.
You feel better.
The orc wizard mumbles some strange words.
The orc wizard blinks!
The orc wizard shouts!
The orc warrior mumbles, "Damn and blast!"
The orc warrior starts to cry.
The orc warrior throws a boomerang of dispersal.
The boomerang of dispersal hits you!
* * * LOW HITPOINT WARNING * * *
You blink.
The orc warrior throws a boomerang of dispersal.
The boomerang of dispersal hits you!
You die...

#...............#'#
#..#............'∩'.
#...............#'#.
##.............o...o
##......#.o........o..
########......#..........#...
......................#......
.)...#..)...................#
..#.....).......@.#........#
..#..........#....####...##
...#....[...####..# ...#
#.####.[)....# #... .# ###
##.#...## ##.## #...#.## ###
##..#### ### #...# ##.##
#...# ###...#


You could see an orc warrior and an orc wizard (invisible).

Vanquished Creatures
  Gastronok (D:10)
  Harold (D:10)
  Erolcha (D:10)
  2 orc high priests (Orc:2)
  An unseen horror (D:10)
  An orc knight (Orc:2)
  An orc sorcerer (Orc:1)
  A black mamba (Lair:4)
  2 spiny frogs (Lair:3)
  2 komodo dragons
  A rime drake (Lair:4)
  A merfolk (D:10)
  3 trolls (D:9)
  Prince Ribbit (D:9)
  A hornet (D:8)
  A meliai zombie (D:10)
  4 hippogriffs
  4 dream sheep (Lair:5)
  8 blink frogs
  A vampire (D:8)
  21 yaks
  2 wraiths (D:7)
  3 wyverns
  4 basilisks
  2 hungry ghosts (D:8)
  2 wargs
  3 nagas
  9 water moccasins
  6 porcupines
  5 sky beasts
  An ice beast (D:7)
  14 orc warriors
  A black bear (D:7)
  8 ogres
  4 wolves (Lair:1)
  A necrophage (D:8)
  6 centaurs
  5 crocodiles
  6 bullfrogs
  A wyvern skeleton (D:10)
  2 scorpions
  A water moccasin skeleton (D:10)
  9 killer bees
  6 wights
  3 howler monkeys
  2 bullfrog zombies (D:8)
  4 crimson imps
  3 quasits
  2 centaur skeletons
  A bullfrog skeleton (D:8)
  2 hounds (D:10)
  14 orc wizards
  14 orc priests
  4 human zombies (D:7)
  4 jellies
  2 iguanas
  4 worker ants
  An ogre zombie (D:7)
  An ogre skeleton (D:7)
  A worker ant zombie (D:6)
  A gnoll (Orc:2)
  10 adders
  A shadow imp (D:5)
  3 oozes (Lair:5)
  An adder skeleton (D:6)
  3 worms
  2 dart slugs
  3 leopard geckos
  54 orcs
  A giant cockroach (D:1)
  10 goblins
  13 hobgoblins
  3 jackals
  3 quokkas
  3 ball pythons
  3 bats
  4 frilled lizards
  8 kobolds
  A leopard gecko zombie (D:6)
  A quokka zombie (D:8)
  7 rats
357 creatures vanquished.

Vanquished Creatures (collateral kills)
  An orc sorcerer (Orc:1)
  2 killer bees (D:10)
  3 orcs
6 creatures vanquished.

Vanquished Creatures (others)
  A komodo dragon (Lair:5)
  2 dream sheep (Lair:5)
  2 orcs (Orc:2)
  4 fungi
  5 plants (Lair:2)
14 creatures vanquished.

Grand Total: 377 creatures vanquished

Notes
Turn   | Place    | Note
-------+----------+-------------------------------------------
     0 | D:1      | Morg0th the Gargoyle Monk began the quest for the Orb.
     0 | D:1      | Reached XP level 1. HP: 14/14 MP: 1/1
   551 | D:1      | Reached XP level 2. HP: 19/19 MP: 2/2
   890 | D:2      | Reached XP level 3. HP: 19/24 MP: 3/3
   980 | D:3      | Reached skill level 4 in Fighting
   983 | D:3      | Found a glowing drain.
  1656 | D:2      | You fall into a shaft and drop 1 floor!
  1751 | D:3      | Reached skill level 4 in Maces & Flails
  1869 | D:3      | Reached XP level 4. HP: 25/29 MP: 4/4
  2210 | D:2      | Found a sparkling altar of Nemelex Xobeh.
  2260 | D:2      | Found a faded altar of an unknown god.
  2715 | D:3      | Found a blossoming altar of Fedhas.
  2851 | D:4      | Reached XP level 5. HP: 33/34 MP: 5/5
  2859 | D:4      | Found a staircase to the Ecumenical Temple.
  3104 | D:3      | Found a runed translucent door.
  3105 | D:3      | Noticed Crazy Yiuf
  3194 | D:3      | Found a sacrificial altar of Ru.
  3313 | D:3      | Reached skill level 5 in Maces & Flails
  3516 | D:5      | Entered Level 5 of the Dungeon
  3584 | D:4      | Found a bloodstained altar of Trog.
  3708 | D:4      | Noticed an ogre
  4002 | D:4      | Reached skill level 1 in Armour
  4005 | D:4      | Reached XP level 6. HP: 35/39 MP: 6/6
  4649 | D:5      | Reached skill level 5 in Fighting
  4649 | D:5      | Reached skill level 6 in Maces & Flails
  4649 | D:5      | Reached skill level 2 in Armour
  5019 | D:6      | Noticed a sky beast
  5215 | D:5      | Gained mutation: You have supernaturally acute eyesight.
                  | (SInv) [potion of mutation]
  5215 | D:5      | Gained mutation: You evolve. [potion of mutation]
  5215 | D:5      | Gained mutation: You expend magic power (3 MP) to
                  | strengthen your wands. [potion of mutation]
  5215 | D:5      | Gained mutation: Your spells are a little harder to cast,
                  | but a little more powerful. [potion of mutation]
  5276 | D:5      | Killed a sky beast
  5276 | D:5      | Reached XP level 7. HP: 44/44 MP: 7/7
  5306 | D:6      | Found Fejiveos's Magic Scroll Shop.
  5578 | D:6      | Reached skill level 3 in Armour
  5663 | D:6      | Reached skill level 7 in Maces & Flails
  5950 | D:6      | Got a scorched chain mail
  5951 | D:6      | Identified the +3 chain mail "Hiaze Guku" {rElec Str-3
                  | Dex+2 Slay+2} (You found it on level 6 of the Dungeon)
  6180 | D:6      | Found Kow Limp's Weapon Boutique.
  6228 | D:6      | Reached XP level 8. HP: 30/51 MP: 8/8
  6751 | D:7      | Reached skill level 4 in Armour
  6766 | D:7      | Found a large runed translucent door.
  6771 | D:7      | Found a large runed translucent door.
  6772 | D:7      | Noticed SeryemSoup's ghost (novice GnWz)
  7062 | D:7      | Reached skill level 6 in Fighting
  7325 | D:7      | Gained mutation: You are partially covered in yellow
                  | scales. (AC +2) [evolution]
  7453 | D:7      | Reached skill level 8 in Maces & Flails
  7506 | D:7      | Reached skill level 5 in Armour
  7514 | D:7      | Noticed a wraith
  7515 | D:7      | Noticed a wraith
  7527 | D:7      | Noticed a hippogriff
  7794 | D:7      | Killed a wraith
  7890 | D:7      | Killed a wraith
  7890 | D:7      | Reached skill level 6 in Armour
  7890 | D:7      | Reached XP level 9. HP: 17/56 MP: 9/9
  8016 | D:8      | Gained mutation: Your flesh is cold resistant. (rC+)
                  | [evolution]
  8057 | D:8      | Reached skill level 9 in Maces & Flails
  8127 | D:8      | Reached skill level 7 in Fighting
  8391 | D:8      | Found Jeurgh's Jewellery Shop.
  8530 | D:9      | Noticed Prince Ribbit
  8604 | D:7      | Found a basalt altar of Yredelemnul.
  8745 | D:7      | Reached skill level 7 in Armour
  9010 | D:8      | Noticed a hornet
  9040 | D:8      | Killed a hornet
  9040 | D:8      | Reached skill level 10 in Maces & Flails
  9040 | D:8      | Reached skill level 1 in Shields
  9123 | D:8      | Found Gojinece's Assorted Antiques.
  9304 | D:8      | Gained mutation: You are robust. (+10% HP) [evolution]
  9346 | D:8      | Bought a potion of might for 104 gold pieces
  9351 | D:8      | Found Pete Kud's Gadget Boutique.
  9354 | D:8      | Bought a wand of disintegration (10) for 140 gold pieces
  9440 | D:8      | Found Icoepofan's Weapon Emporium.
  9551 | D:8      | Reached XP level 10. HP: 70/70 MP: 3/10
  9744 | D:8      | Reached skill level 8 in Fighting
 10233 | D:10     | Entered Level 10 of the Dungeon
 10436 | D:10     | Noticed Erolcha
 10536 | D:9      | Reached skill level 2 in Shields
 10690 | D:9      | Found a staircase to the Lair.
 10722 | Lair:1   | Entered Level 1 of the Lair of Beasts
 10907 | D:4      | Reached skill level 11 in Maces & Flails
 10954 | Temple   | Entered the Ecumenical Temple
 11233 | Temple   | Became a worshipper of Makhleb the Destroyer
 11233 | Temple   | Reached * piety under Makhleb
 11233 | Temple   | Reached ** piety under Makhleb
 11480 | D:9      | Found a staircase to the Orcish Mines.
 11746 | D:9      | Reached skill level 3 in Shields
 11890 | D:9      | Killed Prince Ribbit
 11890 | D:9      | Reached skill level 9 in Fighting
 11906 | D:11     | Noticed a kobold demonologist
 12033 | D:10     | Reached skill level 4 in Shields
 12196 | D:10     | Noticed an unseen horror
 12215 | D:10     | Killed an unseen horror
 12215 | D:10     | Reached skill level 10 in Fighting
 12215 | D:10     | Reached skill level 5 in Shields
 12215 | D:10     | Reached XP level 11. HP: 79/79 MP: 11/11
 12220 | D:10     | Got a smelly scale mail
 12221 | D:10     | Identified the +2 scale mail "Itasi" {rPois rC+ MR+ Int+3}
                  | (You found it on level 10 of the Dungeon)
 12234 | D:10     | Found an iron altar of Okawaru.
 12323 | D:10     | Reached *** piety under Makhleb
 12649 | D:10     | Noticed Gastronok
 12706 | D:10     | Killed Gastronok
 12706 | D:10     | Reached skill level 11 in Fighting
 12706 | D:10     | Reached skill level 1 in Invocations
 13039 | D:10     | Killed Erolcha
 13044 | D:10     | HP: 5/81 [smoke demon/divine providence[the player
                  | character] (15)]
 13412 | D:10     | Noticed Harold
 13441 | D:10     | Killed Harold
 13441 | D:10     | Reached skill level 12 in Maces & Flails
 13441 | D:10     | Reached skill level 2 in Invocations
 13726 | Orc:1    | Entered Level 1 of the Orcish Mines
 13774 | D:9      | Gained mutation: You possess an exceptional clarity of
                  | mind. [evolution]
 14103 | Lair:1   | Reached skill level 3 in Dodging
 14382 | Lair:1   | Noticed an oklob plant
 14414 | Lair:2   | Found a staircase to the Swamp.
 14533 | Lair:1   | Got a crystal trident
 14534 | Lair:1   | Identified the cursed +1 trident "Ynonleig" {venom, Str+7
                  | Dex-5 Stlth+} (You found it on level 1 of the Lair of
                  | Beasts)
 14618 | Lair:1   | Found a glowing silver altar of Zin.
 14780 | Lair:2   | Found a staircase to the Snake Pit.
 14934 | Lair:3   | Reached skill level 13 in Maces & Flails
 14946 | Lair:3   | Reached XP level 12. HP: 88/88 MP: 13/13
 15069 | Lair:2   | Noticed a seven-headed hydra
 15663 | Lair:3   | Reached **** piety under Makhleb
 15811 | Lair:2   | Reached skill level 8 in Armour
 15968 | Lair:2   | Reached skill level 12 in Fighting
 15986 | Lair:2   | Reached skill level 3 in Invocations
 17487 | Lair:4   | Found a radiant altar of Vehumet.
 17560 | Lair:4   | Reached skill level 14 in Maces & Flails
 17879 | Lair:5   | Reached skill level 4 in Invocations
 18091 | Lair:6   | Entered Level 6 of the Lair of Beasts
 18296 | Lair:5   | Found a staircase to the Slime Pits.
 18435 | Slime:1  | Entered Level 1 of the Pits of Slime
 18435 | Slime:1  | Noticed a great orb of eyes
 19170 | D:9      | Reached skill level 3 in Stealth
 19216 | D:9      | Reached skill level 1 in Throwing
 19598 | Orc:2    | Entered Level 2 of the Orcish Mines
 19598 | Orc:2    | Found Kofeymohus's Armour Boutique.
 19598 | Orc:2    | Found Hemn's Antique Weapon Shop.
 19615 | Orc:1    | Paralysed by an orc sorcerer for 7 turns
 19631 | Orc:2    | Found Osuost's Antique Weapon Shop.
 19860 | Orc:2    | Reached skill level 5 in Invocations
 19873 | Orc:2    | Bought the +5 ring mail of the Vaults {rN+ rCorr Str+3
                  | Dex-3} for 641 gold pieces
 20075 | Orc:2    | Reached XP level 13. HP: 95/95 MP: 16/16
 20431 | Orc:2    | Reached skill level 4 in Dodging
 20912 | Orc:2    | Found a roughly hewn altar of Beogh.
 20988 | Orc:1    | Noticed Snorg
 21081 | Orc:2    | Found Fegovver's Antique Weapon Emporium.
 21081 | Orc:2    | HP: 9/95 [orc priest/mace (3)]
 21087 | Orc:2    | HP: 6/95 [orc warrior/boomerang of dispersal (10)]
 21088 | Orc:2    | Hit by a boomerang of dispersal thrown by an orc warrior

Levels and vault maps discovered:
D:1:      scummos_arrival_gate, layout_basic, dk_noncrumbling_3,
          kennysheep_nondescript
D:2:      layout_rooms, chequers_ecumenical_altar_simple_redux, first_ration,
          nemelex_altar_shiori
D:3:      layout_loops_cross, lemuel_coloured_pillars_altar,
          gup_sewer_entry_glass, nicolae_ru_the_path_less_chosen,
          uniq_crazy_yiuf_cottage
D:4:      layout_basic, minmay_temple_entry_sparse_star,
          trog_three_pillars_becter
D:5:      layout_loops_ring
D:6:      layout_basic, nicolae_ossuary_entry_ruins, serial_shops,
          shop_fountains, shop_scrolls
D:7:      layout_cave_pools, ebering_ghost_disaster_area,
          lemuel_mausoleum_altar_yredelemnul
D:8:      layout_loops_ring, serial_shops, nicolae_shop_trees, shop,
          nicolae_shop_stone, nicolae_shop_behind_doors
D:9:      layout_loops_ring, lair_entry_dummy, erik_orc_3, uniq_prince_ribbit1
D:10:     layout_roguey, enter_bailey_3, chequers_serial_rivers_small_3,
          hangedman_fish_farm, okawaru_metal_pillars_3, uniq_gastronok,
          uniq_erolcha, uniq_harold
D:11:     layout_roguey, portal_ice_cave_demonic_guard, serial_corexii_hall,
          corexii_hall_statues_x, corexii_hall_statues_i,
          corexii_hall_statues_u, grunt_dithmenos_smoke, uniq_psyche, uniq_grum
Temple:   nicolae_temple_the_god_donut
Lair:1:   layout_roguey, lemuel_oklob_altar
Lair:2:   layout_cave_pods, swamp_mist_pool, minmay_snake_entry_guardpost_small,
          minmay_lair_oklob_chamber
Lair:3:   layout_cave_pods
Lair:4:   layout_gridlike, basic_altar
Lair:5:   layout_cave_pods, nicolae_slime_entry_slimehenge,
          kennysheep_catoblepas_arena
Lair:6:   cheibrodos_lair_end_hotspot, layout_loops_ring,
          grunt_forest_stairs_basic
Slime:1:  layout_caves, basic_altar
Orc:1:    layout_caves, nicolae_orc_sculptors_studio, uniq_snorg
Orc:2:    st_orc_mages, layout_caves, serial_shops, nicolae_shop_stone,
          nicolae_shop_behind_doors, nicolae_shop_trees, shop,
          nicolae_shop_stone, basic_altar

Skill      XL: |  1  2  3  4  5  6  7  8  9 10 11 12 13 |
---------------+----------------------------------------+-----
Fighting       | 4 5 6 7 10 11 12 | 12.9
Maces & Flails | 4 5 6 7 8 10 11 13 14 | 14.6
Armour         | 1 2 3 6 7 8 |  8.0
Shields        | 1 5 |  5.4
Invocations    | 2 5 |  5.0
Dodging        | 3 4 |  4.5
Stealth        | 3 |  3.0
Throwing       | 1 |  1.0

Action                   |  1- 3 |  4- 6 |  7- 9 | 10-12 | 13-15 || total
-------------------------+-------+-------+-------+-------+-------++-------
Melee: Mace              |   115 |   308 |   418 |  1322 |   221 ||  2384
Throw: Stone             |       |    10 |     5 |    19 |     1 ||    35
Invok: Minor Destruction |       |       |       |    45 |     4 ||    49
       Lesser Servant of |       |       |       |     5 |     2 ||     7
       Major Destruction |       |       |       |       |     2 ||     2
Evoke: Wand              |       |       |     4 |     7 |       ||    11
       Fan of gales      |       |       |       |     1 |       ||     1
       Lamp of fire      |       |       |       |     1 |       ||     1
  Use: Potion            |     4 |     6 |     6 |     4 |     3 ||    23
       Scroll            |     3 |     4 |     9 |     8 |     2 ||    26
 Stab: Sleeping          |     4 |       |       |       |       ||     4
       Distracted        |       |       |       |     1 |       ||     1
  Eat: Chunk             |     3 |     8 |    14 |    22 |     4 ||    51
       Ration            |       |     1 |     1 |     4 |       ||     6
Armor: Robe              |    24 |       |       |       |       ||    24
       Ring mail         |    11 |    53 |       |     3 |    77 ||   144
       Chain mail        |       |   158 |   325 |   653 |       ||  1136
Dodge: Dodged            |    87 |   139 |   133 |   506 |   170 ||  1035
Block: Buckler           |       |     2 |    76 |   274 |    58 ||   410
